 Dungeon Crawl Stone Soup version 0.29.1-1-gd02db6906a (webtiles) character file.

Game seed: 17175064600955255116

17948 safid the Marksminotaur (level 12, -3/104 HPs)
             Began as a Minotaur Hunter on Oct 4, 2022.
             Was a High Priest of Okawaru.
             Slain by a reaper
             ... wielding a +1 scythe of freezing
              (5 damage)
             ... in an ice cave.
             The game lasted 00:28:26 (15639 turns).

safid the Marksminotaur (Minotaur Hunter)          Turns: 15639, Time: 00:28:27

Health: -3/104     AC: 12    Str: 13    XL:     12   Next: 23%
Magic:  0/16       EV: 12    Int:  6    God:    Okawaru [*****.]
Gold:   801        SH:  0    Dex: 31    Spells: 11/11 levels left

rFire   x . .      SeeInvis .   u - +0 arbalest
rCold   + . .      Faith    .   (shield currently unavailable)
rNeg    . . .      Spirit   +   M - +1 ring mail of Elyvilon's Envy {+Blink rCorr Str-3 Dex+8}
rPois   +          Reflect  .   K - +2 hat of Impermeability {Dex+4}
rElec   .          Harm     .   O - +1 cloak
rCorr   +          Rampage  .   a - +0 pair of gloves
Will    .....                   F - +0 pair of boots
Stlth   ++........              y - amulet of guardian spirit
HPRegen 0.27/turn               v - ring of poison resistance
MPRegen 0.15/turn               C - ring of ice

@: finesse-ful, studying Ranged Weapons
A: horns 2, retaliatory headbutt
a: Renounce Religion, Evoke Blink, Heroism, Finesse, Duel


You were in an ice cave.
You worshipped Okawaru.
Okawaru was extremely pleased with you.
You visited 3 branches of the dungeon, and saw 15 of its levels.
You also visited: Ice Cave.

You collected 801 gold pieces.

Inventory:

Hand Weapons
 u - a +0 arbalest (weapon)
Missiles
 l - 5 curare-tipped darts
Armour
 a - a +0 pair of gloves (worn)
 F - a +0 pair of boots (worn)
 K - the +2 hat of Impermeability (worn) {Dex+4}
   (Okawaru gifted it to you on level 11 of the Dungeon)

   Dex:       It affects your dexterity (+4).
 M - the +1 ring mail of Elyvilon's Envy (worn) {+Blink rCorr Str-3 Dex+8}
   (You found it on level 10 of the Dungeon)

   Str:       It affects your strength (-3).
   Dex:       It affects your dexterity (+8).
   +Blink:    It lets you blink.
   rCorr:     It protects you from acid and corrosion.
 O - a +1 cloak (worn)
Jewellery
 d - a ring of protection from fire
 q - a ring of see invisible
 v - a ring of poison resistance (left hand)
 y - an amulet of guardian spirit (around neck)
 C - a ring of ice (right hand)
Wands
 c - a wand of iceblast (14)
 h - a wand of mindburst (2)
 m - a wand of polymorph (19)
 x - a wand of digging (15)
 A - a wand of acid (5)
Scrolls
 b - a scroll of fear
 i - a scroll of identify
 k - a scroll of summoning {unknown}
 n - 8 scrolls of teleportation
 s - a scroll of poison
 B - 2 scrolls of enchant weapon
 J - 2 scrolls of fog
 L - 2 scrolls of enchant armour {unknown}
Potions
 e - 2 potions of haste
 g - a potion of lignification {unknown}
 j - 2 potions of cancellation
 o - a potion of heal wounds
 p - 5 potions of might
 w - a potion of ambrosia {unknown}
 z - 2 potions of degeneration {unknown}
 D - a potion of flight {unknown}
 G - 4 potions of curing
 I - 3 potions of resistance
 N - a potion of mutation {unknown}
Miscellaneous
 r - a lightning rod (4/4)


   Skills:
 + Level 9.2 Fighting
 + Level 19.3 Ranged Weapons
 - Level 2.1 Dodging
 - Level 0.7 Stealth
 + Level 7.1 Invocations
 + Level 5.7 Evocations


You had 11 spell levels left.
You didn't know any spells.
Your spell library contained the following spells:

 Spells                   Type           Power      Damage    Failure   Level
 Sting                    Tmut/Pois      0%         1d3       73%         1
 Poisonous Vapours        Pois/Air       0%         N/A       86%         2
 Ignite Poison            Fire/Tmut/Pois 0%         N/A       97%         3
 Mephitic Cloud           Conj/Pois/Air  0%         N/A       97%         3
 Olgreb's Toxic Radiance  Pois           0%         N/A       100%        4
 Freezing Cloud           Conj/Ice/Air   0%         6-21      100%        5


Dungeon Overview and Level Annotations

Branches:
Dungeon (12/15)            Temple (1/1) D:4            Lair (2/5) D:11
    Orc (0/2) D:11          IceCv (1/1)
  Swamp: Lair:2-3    Shoals: Lair:2-3     Snake: Lair:2-3    Spider: Lair:2-3

Altars:
Ashenzari
Cheibriados
Dithmenos
Elyvilon
Fedhas
Gozag
Hepliaklqana
Kikubaaqudgha
Makhleb
Nemelex Xobeh
Okawaru
Qazlal
Ru
Sif Muna
Trog
Uskayaw
Vehumet
Wu Jian
Xom
Yredelemnul
Zin
The Shining One

Shops:
D:1 =   D:2 *   D:9 *

Annotations:
D:2 1 runed translucent door, Crazy Yiuf
D:11 1 runed translucent door, sleeves's ghost, journeyman DjCA
Temple 2 transporters


Innate Abilities, Weirdness & Mutations

You have a pair of horns on your head.
You reflexively headbutt those who attack you in melee.


Message History

Okawaru accepts your kill.
You are engulfed in freezing vapours.
You resist.
Unknown command.
You are engulfed in freezing vapours.
You resist.
A white imp comes into view.
You shoot a bolt. The bolt hits the reaper.
The reaper is lightly wounded.
Unknown command.
You shoot a bolt. The bolt hits the reaper!
The reaper is moderately wounded.
The reaper hits you from afar with a +1 scythe of freezing!!
The reaper freezes you!
Unknown command.
You are too injured to fight recklessly!
Unknown command.
Unknown command.
You are too injured to fight recklessly!
Fire: u) +0 arbalest
Press: ? - help, Q - select action, (/) - cycle Shift-Dir - straight line, f/p - reaper
Aim: a reaper, wielding a +1 scythe of freezing, wearing a +0 robe of cold resistance and wearing a ring of protection from cold (freezing vapour, moderately wounded, 74% to hit)
You shoot a bolt. The bolt hits the reaper!!
The reaper is heavily wounded.
The reaper hits you from afar with a +1 scythe of freezing!!
* * * LOW HITPOINT WARNING * * *
The reaper freezes you.
* * * LOW HITPOINT WARNING * * *
Unknown command.
You feel much better. The reaper completely misses you.
You can now deal lightning-fast blows.
The reaper hits you from afar with a +1 scythe of freezing!
The white imp is engulfed in freezing vapours.
Fire: u) +0 arbalest
Press: ? - help, Q - select action, (/) - cycle Shift-Dir - straight line, f/p - reaper
Aim: a reaper, wielding a +1 scythe of freezing, wearing a +0 robe of cold resistance and wearing a ring of protection from cold (freezing vapour, heavily wounded, 74% to hit)
You shoot a bolt. The bolt hits the reaper!!
The reaper is almost dead.
The reaper hits you from afar with a +1 scythe of freezing!!
* * * LOW HITPOINT WARNING * * *
The reaper freezes you.
You die...

### ##.## #### ##...##
##..## ##.....#
#....## #.°.○..##
##..#..## ##..°○...#
#.###...# #...#°...#
..####..###.#.....##
..#.)##..#.....#@#..#
.##..[##......##°#..#
.#....##....###.2#...#
##....###...#..○#.○..#
#....## #...#§°§
○§2..# ##.#.##
#...#§§5 ###..#
.###..# #...§§#§ ...
.##...# #..#§§§§ #.
......# ##.##..#


You could see a reaper and a white imp.

Vanquished Creatures
  2 hydras
  5 two-headed ogres
  An ugly thing (D:11)
  A cyclops (D:11)
  Maurice (D:8)
  2 ice statues (IceCv)
  A black mamba (Lair:2)
  Maggie (Lair:1)
  A kobold demonologist (D:11)
  A freezing wraith (IceCv)
  2 komodo dragons
  An anaconda simulacrum (IceCv)
  6 ice devils (IceCv)
  2 shadows
  Sigmund (D:2)
  A basilisk (Lair:1)
  8 yaks
  2 wraiths
  Grum (D:10)
  9 vampire mosquitoes
  A death yak simulacrum (IceCv)
  An acid dragon (D:11)
  A harpy simulacrum (IceCv)
  2 water moccasins
  7 orc warriors
  2 ice beasts
  4 wolves (D:10)
  6 centaurs
  2 phantoms (D:5)
  A kobold brigand (D:9)
  A necrophage (D:5)
  2 bullfrogs
  A gnoll sergeant (D:9)
  A cane toad simulacrum (IceCv)
  3 scorpions
  3 two-headed ogre simulacra (IceCv)
  10 wights
  9 killer bees
  An elephant simulacrum (IceCv)
  4 howler monkeys
  3 jellies
  3 orc priests
  2 gnoll boudas
  Jessica (D:2)
  Ijyb (D:3)
  8 orc wizards
  Natasha (thrice) (D:2)
  6 iguanas
  2 troll simulacra (IceCv)
  A spriggan simulacrum (IceCv)
  2 polar bear simulacra
  A wolf simulacrum (IceCv)
  Robin (D:4)
  8 adders
  15 gnolls
  A shadow imp (D:8)
  5 white imps
  3 ufetubi
  A worm (D:2)
  2 dart slugs
  24 orcs
  4 bats
  7 endoplasms
  2 giant cockroaches
  15 goblins
  5 hobgoblins
  3 quokkas
  5 ball pythons
  3 frilled lizards
  14 kobolds
  5 rats
267 creatures vanquished.

Vanquished Creatures (others)
  2 fungi
2 creatures vanquished.

Grand Total: 269 creatures vanquished

Notes
Turn   | Place    | Note
-------+----------+-------------------------------------------
     0 | D:1      | safid the Minotaur Hunter began the quest for the Orb.
     0 | D:1      | Reached XP level 1. HP: 18/18 MP: 0/0
   179 | D:1      | Reached XP level 2. HP: 26/26 MP: 1/1
   559 | D:1      | Found a faded altar of an unknown god.
   670 | D:1      | Found Suvas's Jewellery Emporium.
   748 | D:1      | Reached skill level 5 in Ranged Weapons
   861 | D:2      | Reached XP level 3. HP: 14/31 MP: 2/2
  1293 | D:2      | Noticed Jessica
  1299 | D:2      | Killed Jessica
  1300 | D:2      | Reached skill level 6 in Ranged Weapons
  1300 | D:2      | Reached XP level 4. HP: 36/38 MP: 3/3
  1384 | D:2      | Found a runed translucent door.
  1385 | D:2      | Noticed Crazy Yiuf
  1431 | D:2      | Found Ykhi's Assorted Antiques.
  1432 | D:2      | Noticed Natasha
  1442 | D:2      | Killed Natasha
  1555 | D:2      | Noticed Sigmund
  1837 | D:2      | Killed Sigmund
  1838 | D:2      | Reached skill level 7 in Ranged Weapons
  1838 | D:2      | Reached XP level 5. HP: 34/45 MP: 4/4
  2013 | D:2      | Reached XP level 6. HP: 51/51 MP: 5/5
  2015 | D:2      | Noticed Natasha
  2018 | D:2      | Killed Natasha
  2019 | D:2      | Reached skill level 8 in Ranged Weapons
  2106 | D:2      | Found a sacrificial altar of Ru.
  2437 | D:2      | Noticed Natasha
  2442 | D:2      | Killed Natasha
  2621 | D:3      | Noticed Ijyb
  2651 | D:3      | Killed Ijyb
  2854 | D:3      | Found a faded altar of an unknown god.
  2858 | D:3      | Found a burning altar of Makhleb.
  3492 | D:4      | Noticed Robin
  3511 | D:4      | Killed Robin
  3701 | D:4      | Reached skill level 9 in Ranged Weapons
  3769 | D:4      | Found a staircase to the Ecumenical Temple.
  3783 | Temple   | Entered the Ecumenical Temple
  3783 | Temple   | Found a transporter.
  3783 | Temple   | Found a transporter.
  3785 | Temple   | Found a transporter.
  3785 | Temple   | Found a transporter.
  3811 | Temple   | Became a worshipper of Warmaster Okawaru
  3849 | D:4      | Found a sacrificial altar of Ru.
  3849 | D:4      | Found a bloodstained altar of Trog.
  3849 | D:4      | Found a shimmering blue altar of Sif Muna.
  3849 | D:4      | Found an opulent altar of Gozag.
  3988 | D:4      | Reached XP level 7. HP: 36/57 MP: 3/6
  4355 | D:5      | Entered Level 5 of the Dungeon
  4528 | D:5      | Reached skill level 10 in Ranged Weapons
  4674 | D:5      | Reached * piety under Okawaru
  4701 | D:5      | Noticed a wraith
  4708 | D:5      | Killed a wraith
  4709 | D:5      | Reached skill level 11 in Ranged Weapons
  4709 | D:5      | Reached XP level 8. HP: 56/63 MP: 5/7
  5417 | D:6      | Reached skill level 12 in Ranged Weapons
  6847 | D:7      | Reached ** piety under Okawaru
  6848 | D:7      | Reached skill level 13 in Ranged Weapons
  7515 | D:8      | Reached XP level 9. HP: 69/69 MP: 8/8
  7769 | D:8      | Noticed Maurice
  7778 | D:8      | Killed Maurice
  7779 | D:8      | Reached skill level 14 in Ranged Weapons
  8098 | D:8      | Reached *** piety under Okawaru
  8544 | D:8      | Reached skill level 15 in Ranged Weapons
  8936 | D:9      | Noticed a two-headed ogre
  8940 | D:9      | Killed a two-headed ogre
  8941 | D:9      | Reached XP level 10. HP: 77/77 MP: 9/9
  8946 | D:9      | Reached **** piety under Okawaru
  9102 | D:9      | Reached skill level 16 in Ranged Weapons
  9851 | D:9      | Found Weir's Overcharged Wands.
  9989 | D:10     | Entered Level 10 of the Dungeon
  9991 | D:10     | Identified the +1 ring mail of Elyvilon's Envy {+Blink
                  | rCorr Str-3 Dex+8}
 10009 | D:10     | Identified a scroll of acquirement
 10010 | D:10     | Acquired a manual of Ranged Weapons
 10054 | D:10     | Reached skill level 1 in Invocations
 10060 | D:10     | Reached skill level 1 in Evocations
 10089 | D:10     | Noticed Grum
 10092 | D:10     | Noticed a two-headed ogre
 10101 | D:10     | Killed a two-headed ogre
 10101 | D:10     | Reached ***** piety under Okawaru
 10102 | D:10     | Killed Grum
 10103 | D:10     | Reached skill level 17 in Ranged Weapons
 10338 | D:10     | Reached skill level 5 in Fighting
 10441 | D:10     | Noticed a two-headed ogre
 10444 | D:10     | Killed a two-headed ogre
 10550 | D:10     | Noticed a two-headed ogre
 10554 | D:10     | Killed a two-headed ogre
 10584 | D:10     | Reached XP level 11. HP: 89/89 MP: 12/12
 10827 | D:11     | Noticed a five-headed hydra
 10831 | D:11     | Killed a five-headed hydra
 10831 | D:11     | Received a gift from Okawaru
 10876 | D:11     | You fall into a shaft and drop 1 floor!
 10950 | D:11     | Noticed a two-headed ogre
 10960 | D:11     | Killed a two-headed ogre
 11107 | D:11     | Identified the +2 hat of Impermeability {Dex+4} (Okawaru
                  | gifted it to you on level 11 of the Dungeon)
 11107 | D:11     | Received a gift from Okawaru
 11351 | D:11     | Found a staircase to the Lair.
 11371 | D:11     | Found a staircase to the Orcish Mines.
 11435 | D:11     | Reached skill level 18 in Ranged Weapons
 11435 | D:11     | Reached skill level 5 in Invocations
 11436 | D:11     | Noticed a purple ugly thing
 11441 | D:11     | Killed a purple ugly thing
 12410 | D:11     | Found a shimmering blue altar of Sif Muna.
 12465 | D:11     | Found a runed translucent door.
 12465 | D:11     | Found a shimmering altar of Xom.
 12465 | D:11     | Noticed sleeves's ghost (journeyman DjCA)
 12465 | D:11     | Noticed a +0 flail of chaos
 12641 | Lair:1   | Entered Level 1 of the Lair of Beasts
 12675 | Lair:1   | Noticed a seven-headed hydra
 13022 | Lair:1   | Noticed Maggie
 13032 | Lair:1   | Killed Maggie
 13116 | Lair:1   | Killed a seven-headed hydra
 13311 | Lair:1   | Reached skill level 5 in Evocations
 13738 | Lair:2   | Found a frozen archway.
 13909 | IceCv    | Entered an ice cave
 14350 | IceCv    | Reached skill level 19 in Ranged Weapons
 14350 | IceCv    | Reached XP level 12. HP: 103/103 MP: 15/15
 14869 | IceCv    | HP: 5/103 [constriction (1)]
 15364 | IceCv    | Reached ****** piety under Okawaru
 15628 | IceCv    | Noticed a reaper
 15639 | IceCv    | HP: 2/104 [reaper/+1 scythe of freezing (33)]
 15639 | IceCv    | Slain by a reaper

Illustrated notes

Levels and vault maps discovered:
D:1:      sevenhm_arrival_forest_fort_large_4, layout_loops_ring,
          ebering_ecumenical_altar_mist, serial_shops, shop,
          serial_bayou_pond_d, st_stairs_9, patterned_corridor
D:2:      layout_loops_ring, basic_altar, serial_shops, shop,
          nicolae_figureground_pulse, uniq_natasha, uniq_sigmund,
          uniq_crazy_yiuf_cottage, uniq_jessica
D:3:      layout_loops_cross, nicolae_overflow_ecumenical_swirl,
          amethyst_killhole, uniq_ijyb
D:4:      layout_basic, grunt_temple_overflow_cloverleaf,
          minmay_temple_entry_hall, uniq_robin
D:5:      layout_cave_pods
D:6:      layout_layer_cave
D:7:      layout_basic, dk_rats_in_the_wall
D:8:      layout_basic, uniq_maurice
D:9:      layout_gridville, chequers_serial_rivers_large_a,
          dreamdust_princess_corridor, nicolae_shop_overcharged_wands
D:10:     layout_rooms, minivault_26, uniq_grum
D:11:     layout_irregular_city, lair_entry_dummy, david_orc_2,
          ebering_ghost_xom, led_sif_pool
D:12:     layout_stronghold, uniq_psyche
Temple:   hellmonk_temple_divided_pantheon
Lair:1:   layout_chaotic_city, minmay_holes, chequers_serial_rivers_micro_c,
          uniq_maggie
Lair:2:   layout_gridlike, portal_ice_cave_entry_ice_simulacra, basic_altar,
          grunt_megastairs_5, uniq_urug
IceCv:    ice_cave_small_demon

Skill      XL: |  1  2  3  4  5  6  7  8  9 10 11 12 |
---------------+-------------------------------------+-----
Fighting       | 3 5 8 9 |  9.2
Ranged Weapons | 5 6 7 9 11 13 15 17 19 | 19.3
Invocations    | 3 6 7 |  7.1
Evocations     | 3 5 |  5.7
Dodging        | |  2.1
Stealth        | |  0.7

Action                   |  1- 3 |  4- 6 |  7- 9 | 10-12 || total
-------------------------+-------+-------+-------+-------++-------
 Fire: Shortbow          |    72 |   174 |   162 |       ||   408
       Arbalest          |       |       |   142 |   380 ||   522
Invok: Finesse           |       |       |       |     1 ||     1
 Abil: Evoke Blink       |       |       |       |     2 ||     2
  Use: Scroll            |       |       |    10 |    12 ||    22
       Potion            |       |       |     1 |     3 ||     4
Armor: Leather armour    |     9 |    10 |    56 |     9 ||    84
       Robe              |     2 |    12 |       |       ||    14
       Skin              |       |     1 |       |       ||     1
       Ring mail         |       |       |       |    82 ||    82
Dodge: Dodged            |    28 |    44 |    97 |   176 ||   345
